AoeStats
← kkkg

Arena

505413239Analyzed
1v1 RM · 23d ago on Sep 9, 2026· 16m 53s· 2 players
Game mode
Random Map
Map size
Tiny (2 player)
Population
200
Speed
Normal
Resources
Standard
Victory
Conquest
Starting age
Dark Age
Ending age
Imperial Age
RankedLock teamsTeams togetherTeam positionsShared explorationLock speedFull tech treeHidden civsTurbo modeCheats
Victory
Defeat
🇨🇳 Bulgarians · China
931
+16
🇸🇰 Gurjaras · Slovakia
927
-16
dapanta
2:42 Loom
12:20 Feudal Age
17:02 Castle Age
kkkg
10:49 Feudal Age
11:39 Double-Bit Axe
11:48 Horse Collar
15:04 Castle Age
16:30 Bow Saw
Connection lost

Rejoining the realm…

Still unreachable

The connection could not be restored.

Session expired

The server has moved on; the page needs a fresh start.